Map: Battle on the Boardwalk LE

Players

chry - Winner!

  • Race: Protoss Protoss
  • Spawn Location: 1:00

A.I. 1 (Medium)

  • Race: Terran Terran
  • Spawn Location: 11:00

VOD

Have the link to the VOD?

Description

Time

  • Played on: Nov. 23, 2017, 1:57 p.m.
  • Length: 5:29
Show
View Real Time Build Order
Export as new Build Order

chry Protoss - Winner!

Build Orders: 1 Gate Expand 

Get SALT Encoding   

  12  0:00  Probe  
  13  0:13  Probe  
  14  0:19  Pylon  
  14  0:25  Probe (Chrono Boost)  
  15  0:38  Probe (Chrono Boost)  
  16  0:43  Gateway  
  16  0:45  Probe (Chrono Boost)  
  17  0:52  Probe  
  19  1:04  Probe  
  19  1:13  Pylon  
  19  1:16  Probe  
  20  1:27  Nexus  
  20  1:28  Probe  
  21  1:35  Zealot  
  23  1:40  Probe  
  24  1:50  Cybernetics Core  
  24  1:52  Probe  
  25  2:01  Pylon  
  25  2:05  Probe  
  25  2:07  Zealot  
  28  2:14  Pylon  
  28  2:28  Gateway  
  28  2:30  Gateway  
  28  2:32  Probe  
  29  2:41  Zealot  
  31  2:45  Pylon  
  31  2:49  Probe  
  32  3:01  Gateway  
  32  3:04  Pylon  
  32  3:12  Zealot  
  34  3:15  Zealot (Chrono Boost)  
  36  3:25  Probe x2  
  38  3:39  Nexus  
  42  3:43  Zealot (Chrono Boost)  
  44  3:48  Zealot (Chrono Boost)  
  44  3:55  Zealot (Chrono Boost)  
  48  4:05  Zealot (Chrono Boost)  
  48  4:07  Zealot (Chrono Boost)  
  52  4:13  Zealot (Chrono Boost)  
  52  4:16  Zealot x2 (Chrono Boost)  
  54  4:22  Zealot (Chrono Boost)  
  54  4:23  Pylon  
  56  4:28  Pylon  
  56  4:29  Probe x2  
  58  4:33  Zealot  
  58  4:34  Zealot  
  62  4:40  Zealot x2  
  62  4:41  Probe  
  67  4:52  Probe (Chrono Boost)  
  60  4:54  Probe (Chrono Boost)  
  54  5:06  Probe (Chrono Boost)  
  60  5:08  Probe (Chrono Boost)  
  60  5:10  Zealot x2 (Chrono Boost), Probe x2 (Chrono Boost)  
  60  5:11  Zealot (Chrono Boost)  
  65  5:20  Pylon  
Show
View Real Time Build Order
Export as new Build Order

A.I. 1 (Medium) Terran 

Build Orders:  

Get SALT Encoding   

  12  0:00  SCV  
  13  0:13  SCV  
  14  0:18  Supply Depot  
  14  0:25  SCV  
  15  0:39  SCV  
  16  0:44  Barracks  
  16  0:49  Refinery  
  16  0:52  SCV  
  17  1:04  SCV  
  18  1:16  Supply Depot  
  18  1:32  Orbital Command, Marine, Barracks  
  19  1:42  Refinery  
  19  1:53  Marine, Factory  
  20  2:12  Barracks Tech Lab  
  20  2:29  Marine, Supply Depot  
  21  2:45  Marine  
  22  3:03  Marauder  
  25  3:12  SCV  
  25  3:13  Supply Depot  
  25  3:17  Hellion  
  27  3:25  SCV  
  27  3:26  Engineering Bay  
  28  3:37  SCV  
  28  3:38  Hellion  
  33  3:48  Marauder  
  33  3:49  SCV  
  33  3:53  Supply Depot  
  34  4:01  SCV  
  35  4:04  Hellion  
  37  4:13  SCV  
  38  4:25  Hellion  
  40  4:47  Hellion  
  40  4:48  Marine  
  38  4:55  Marine  
  32  5:06  Marauder  
  30  5:10  SCV  
Tags
 
Add a new tag
Caveats
  • Supply blocks, unpowered buildings, or Contaminate may cause inaccurate times.
  • Supply counts are checked every 10 seconds.